 Dungeon Crawl Stone Soup version 0.24.0-125-gc4c63601f3 (webtiles) character file.

Game seed: 7877233270823020887, levelgen mode: deterministic

206 Electrofox the Grasshopper (level 5, -1/61 HPs)
             Began as a Draconian Warper on Mar 17, 2020.
             Slain by a hound (4 damage)
             ... on level 4 of the Dungeon.
             The game lasted 00:22:39 (4586 turns).

Electrofox the Grasshopper (Draconian Warper)       Turns: 4586, Time: 00:22:40

Health: -1/61      AC: 22    Str: 14    XL:     5   Next: 53%
Magic:  0/8        EV:  2    Int: 14    God:
Gold:   142        SH:  0    Dex: 10    Spells: 1/8 levels left

rFire    . . .     SeeInvis .   a - +0 hand axe
rCold    . . .     Gourm    .   (no shield)
rNeg     + + +     Faith    .   (armour unavailable)
rPois    +         Spirit   .   (helmet currently unavailable)
rElec    .         Reflect  .   (cloak currently unavailable)
rCorr    .         Harm     .   (gloves currently unavailable)
MR       .....     NoTele   +   (boots currently unavailable)
Stlth    +.........             (no amulet)
HPRegen  0.20/turn              (no ring)
MPRegen  0.11/turn              (no ring)

@: lethally poisoned (-1 -> -3), tree-form, very slightly contaminated
A: unfitting armour, AC +5
a: no special abilities


You were on level 4 of the Dungeon.
You were hungry.
You were a tree.
You visited 1 branch of the dungeon, and saw 4 of its levels.

You collected 142 gold pieces.

Inventory:

Hand Weapons
 a - a +0 hand axe (weapon)
 b - a +0 hunting sling
Missiles
 d - 5 boomerangs of dispersal
 e - 114 stones (quivered)
Jewellery
 l - a cursed -2 ring of dexterity {unknown}
 o - an uncursed amulet of faith {unknown}
 p - an uncursed amulet of the gourmand {unknown}
Scrolls
 c - a scroll of blinking
 g - a scroll of enchant armour {unknown}
 i - a scroll of teleportation
 m - a scroll of identify {unknown}
 n - a scroll of fear
 r - 2 scrolls of remove curse {unknown}
Potions
 h - a potion of curing {unknown}
 k - a potion of lignification
Comestibles
 f - 4 rations


   Skills:
 - Level 2.1 Fighting
 + Level 4.1 Axes
 - Level 0.8 Throwing
 - Level 2.1 Dodging
 - Level 2.3 Spellcasting
 + Level 4.9 Translocations


You had one spell level left.
You knew the following spells:

 Your Spells              Type           Power        Failure   Level  Hunger
a - Blink                 Tloc           N/A          4%          2    ###....
b - Shroud of Golubria    Chrm/Tloc      #.....       13%         2    ###....
c - Teleport Other        Tloc           ###.....     9%          3    ###....

Your spell library contained the following spells:

 Spells                   Type           Power        Failure   Level  Hunger
 Gell's Gravitas          Tloc           ###.......   9%          3    ###....
 Lesser Beckoning         Tloc           ###.......   9%          3    ###....
 Passage of Golubria      Tloc           N/A          30%         4    #####..


Dungeon Overview and Level Annotations

Branches:
Dungeon (4/15)
 Temple: D:4-7

Altars:

Annotations:
D:2 exclusion: scorpion


Innate Abilities, Weirdness & Mutations

((Your plain brown scales are hard. (AC +5)))
You cannot fit into any form of body armour.
((You are cold-blooded and may be slowed by cold attacks.))


Message History

Nothing appears to happen.
* * * LOW HITPOINT WARNING * * *
You feel sick. The worker ant bites you.
* * * LOW HITPOINT WARNING * * *
Casting: Blink (safe; 4% risk of failure)
Confirm with . or Enter, or press ? or * to list all spells.
You blink.
You are feeling hungry.
Casting: Blink (safe; 4% risk of failure)
Confirm with . or Enter, or press ? or * to list all spells.
You blink.
* * * LOW HITPOINT WARNING * * *
You feel sick. The worker ant barely misses you.
The hound bites you but does no damage.
The worker ant bites you but does no damage.
It was a potion of lignification.
You turn into a tree.
Your roots penetrate the ground.
* * * LOW HITPOINT WARNING * * *
You feel sick. The hound bites you but does no damage. The hound bites you.
You die...

..##
........###.......
.##
................##
.#
#####.####..(.((..
.# #. #.#...### .#
#. #.# ### .# #
#.# .# #.####.#
.##
#......#######..
..#
#####a♣h§.......
#.# ##.#######.#
#.# #.# #.# #..
#.# #### #.#
..##.. ####.#
.<##.#


You could see a hound and a worker ant.

Vanquished Creatures
  2 orc priests
  A worker ant (D:4)
  5 adders
  An ooze (D:2)
  3 dart slugs
  2 leopard geckos
  3 orcs (D:3)
  A ball python (D:2)
  5 giant cockroaches
  6 goblins
  9 hobgoblins
  4 jackals (D:2)
  A quokka (D:2)
  6 bats
  6 frilled lizards
  5 kobolds
  5 rats
65 creatures vanquished.

Notes
Turn   | Place    | Note
-------+----------+-------------------------------------------
     0 | D:1      | Electrofox the Draconian Warper began the quest for the
                  | Orb.
     0 | D:1      | Reached XP level 1. HP: 17/17 MP: 3/3
   292 | D:1      | Reached XP level 2. HP: 16/24 MP: 5/5
   386 | D:1      | Learned a level 2 spell: Blink
   389 | D:1      | Learned a level 2 spell: Shroud of Golubria
  1577 | D:2      | Reached XP level 3. HP: 28/29 MP: 6/6
  2384 | D:2      | Noticed a scorpion
  2496 | D:2      | Reached XP level 4. HP: 33/36 MP: 7/7
  3829 | D:3      | Reached XP level 5. HP: 41/41 MP: 8/8
  4074 | D:3      | Learned a level 3 spell: Teleport Other
  4545 | D:4      | Noticed an ogre
  4585 | D:4      | HP: 2/41 [poisoned by a worker ant]
  4586 | D:4      | Slain by a hound

Levels and vault maps discovered:
D:1:      giann_wishing_wells, layout_loops_corners, serial_forest,
          infiniplex_forest_clump_curved, infiniplex_forest_end_3,
          infiniplex_forest_lined_corner, infiniplex_forest_clump_cross,
          infiniplex_forest_lined_corner, infiniplex_forest_clump_diagonal
D:2:      layout_loops_corners, first_ration, minmay_distorted
D:3:      layout_basic, kennysheep_generic_room_15
D:4:      layout_loops_ring, temple_hall, gup_sewer_entry_bubbles

Skill      XL: |  1  2  3  4  5 |
---------------+----------------+-----
Translocations | 4 |  4.9
Axes           | 3 4 |  4.1
Fighting       | |  2.1
Throwing       | |  0.8
Dodging        | |  2.1
Spellcasting   | |  2.3

Action                   |  1- 3 |  4- 6 || total
-------------------------+-------+-------++-------
Melee: Hand axe          |   140 |   112 ||   252
       Tailslap          |    17 |     6 ||    23
 Fire: Hunting sling     |       |     4 ||     4
Throw: Stone             |     7 |     3 ||    10
 Cast: Blink             |       |     3 ||     3
  Use: Scroll            |       |     2 ||     2
       Potion            |       |     1 ||     1
  Eat: Chunk             |     5 |     3 ||     8
       Ration            |       |     1 ||     1
Armor: Skin              |    46 |    43 ||    89
Dodge: Dodged            |    92 |    74 ||   166
